| TOP OF THE 1ST |
|
Joplin Blasters batting - Pitching for Roswell Invaders : RHP John Palumbo
|
|
Pitching: RHP John Palumbo
|
|
|
Batting: RHB Dave Saldana
|
0-0: Ball 1-0: Swinging Strike 1-1: Ball 2-1: Called Strike 2-2: Strikes out swinging
|
|
Batting: RHB Matt Belgard
|
0-0: Ball 1-0: Ball 2-0: Called Strike 2-1: Ball 3-1: Base on Balls
|
|
Batting: LHB David Bearden
|
0-0: Called Strike Matt Belgard steals 2nd base 0-1: Ball 1-1: Ball 2-1: Foul Ball, location: 2F 2-2: Ball 3-2: Foul Ball, location: 2F 3-2: Foul Ball, location: 2F 3-2: Base on Balls
|
|
Pitching: RHP Jake Priest
|
|
|
Batting: LHB Joe Cozart
|
0-0: Ball 1-0: Called Strike 1-1: Foul Ball, location: 2F 1-2: Strikes out swinging
|
|
Batting: SHB Sean Hill
|
0-0: Ball 1-0: Ball 2-0: Ball 3-0: Called Strike 3-1: Foul Ball, location: 2F 3-2: Strikes out swinging
|
| Top of the 1st over - 0 runs, 0 hits, 0 errors, 2 left on base; Joplin 0 - Roswell 0 |
| BOTTOM OF THE 1ST |
|
Roswell Invaders batting - Pitching for Joplin Blasters : RHP Mike Galvin
|
|
Pitching: RHP Mike Galvin
|
|
|
Batting: RHB Orlando Florez
|
0-0: Ball 1-0: Called Strike 1-1: Ball 2-1: Ground out 4-3 (Groundball, 4, EV 105.0 MPH)
|
|
Batting: LHB Dallas Kelly
|
0-0: Ground out U3 (Groundball, 3, EV 78.8 MPH)
|
|
Batting: RHB Mike Swift
|
0-0: Ball 1-0: Called Strike 1-1: Foul Ball, location: 2F 1-2: Strikes out swinging
|
| Bottom of the 1st over - 0 runs, 0 hits, 0 errors, 0 left on base; Joplin 0 - Roswell 0 |
| TOP OF THE 2ND |
|
Joplin Blasters batting - Pitching for Roswell Invaders : RHP Jake Priest
|
|
Batting: RHB Justin Goff
|
0-0: Ball 1-0: Called Strike 1-1: Ball 2-1: Reached on error, E5 (Groundball, 56S, EV 63.8 MPH)
|
|
Batting: LHB Josh Dalton
|
0-0: Called Strike 0-1: Ball 1-1: Ball 2-1: Ball 3-1: Base on Balls Justin Goff to second
|
|
Pitching: RHP Vinny Segura
|
|
|
Batting: RHB Edwin Ramos
|
0-0: DOUBLE (Line Drive, 3D, EV 101.3 MPH) Justin Goff scores Josh Dalton to third
|
|
Batting: RHB Jason Birge
|
0-0: 3-RUN HOME RUN (Flyball, 7D, EV 97.5 MPH), Distance : 380 ft
|
|
Batting: RHB Dave Saldana
|
0-0: Swinging Strike 0-1: Ball 1-1: SOLO HOME RUN (Flyball, 78XD, EV 105.6 MPH), Distance : 409 ft
|
|
Batting: RHB Matt Belgard
|
0-0: Ball 1-0: Ball 2-0: Ball 3-0: Base on Balls
|
|
Batting: LHB David Bearden
|
0-0: Ball 1-0: Foul Ball, location: 2F 1-1: Swinging Strike 1-2: Ball 2-2: Ball 3-2: Foul Ball, location: 2F 3-2: Strikes out swinging Matt Belgard steals 2nd base Batter strikes out.
|
|
Batting: LHB Joe Cozart
|
0-0: Foul Ball, location: 2F 0-1: Ball 1-1: Ball 2-1: Swinging Strike 2-2: Ball 3-2: Base on Balls
|
|
Pitching: LHP Jeff Haight
|
|
|
Batting: SHB Sean Hill
|
0-0: Called Strike 0-1: Ball 1-1: Foul Ball, location: 2F 1-2: Foul Ball, location: 2F 1-2: Ball 2-2: Ball 3-2: Strikes out swinging Joe Cozart is caught stealing 2nd base 2-4 Matt Belgard steals 3rd base Batter strikes out.
|
| Top of the 2nd over - 5 runs, 3 hits, 1 error, 1 left on base; Joplin 5 - Roswell 0 |
| BOTTOM OF THE 2ND |
|
Roswell Invaders batting - Pitching for Joplin Blasters : RHP Mike Galvin
|
|
Batting: RHB Josh Burrows
|
0-0: Called Strike 0-1: Foul Ball, location: 2F 0-2: Ball 1-2: Fly out, F7 (Flyball, 7, EV 92.5 MPH)
|
|
Batting: RHB Cody Savastand
|
0-0: Ground out 3-1 (Groundball, 34, EV 82.5 MPH)
|
|
Batting: LHB Josh Thomas
|
0-0: Foul Ball, location: 2F 0-1: Foul Ball, location: 2F 0-2: Strikes out swinging
|
| Bottom of the 2nd over - 0 runs, 0 hits, 0 errors, 0 left on base; Joplin 5 - Roswell 0 |
| TOP OF THE 3RD |
|
Joplin Blasters batting - Pitching for Roswell Invaders : LHP Jeff Haight
|
|
Batting: RHB Justin Goff
|
0-0: Ball 1-0: Called Strike 1-1: SINGLE (Groundball, 6D, EV 110.0 MPH)
|
|
Batting: LHB Josh Dalton
|
0-0: Ball 1-0: Ball Wild Pitch! Justin Goff to second 2-0: Ball 3-0: Base on Balls
|
|
Batting: RHB Edwin Ramos
|
0-0: SINGLE (Groundball, 4MD, EV 98.1 MPH) Justin Goff to third Josh Dalton to second Runner from 3rd tries for Home, throw by CF and OUT! 8-2
|
|
Batting: RHB Jason Birge
|
0-0: SINGLE (Groundball, 56D, EV 104.4 MPH) Josh Dalton to third Edwin Ramos to second Runner from 3rd tries for Home, throw by LF and OUT! 7-2
|
|
Batting: RHB Dave Saldana
|
0-0: Ball 1-0: Foul Ball, location: 2F 1-1: Ball 2-1: Called Strike 2-2: Fly out, F9 (Flyball, 89XD, EV 84.4 MPH)
|
| Top of the 3rd over - 0 runs, 3 hits, 0 errors, 2 left on base; Joplin 5 - Roswell 0 |
| BOTTOM OF THE 3RD |
|
Roswell Invaders batting - Pitching for Joplin Blasters : RHP Mike Galvin
|
|
Batting: SHB Ethan Newby
|
0-0: Called Strike 0-1: Foul Ball, location: 2F 0-2: Fly out, F7 (Flyball, 78M, EV 95.0 MPH)
|
|
Batting: LHB Afanasy Apatenko
|
0-0: Ball 1-0: Ball 2-0: Called Strike 2-1: Foul Ball, location: 2F 2-2: Foul Ball, location: 2F 2-2: Strikes out looking
|
|
Batting: LHB Falco van Koeveringe
|
0-0: Ball 1-0: Called Strike 1-1: Swinging Strike 1-2: Strikes out swinging
|
| Bottom of the 3rd over - 0 runs, 0 hits, 0 errors, 0 left on base; Joplin 5 - Roswell 0 |
| TOP OF THE 4TH |
|
Joplin Blasters batting - Pitching for Roswell Invaders : LHP Jeff Haight
|
|
Pitching: RHP Jaylen Hatten
|
|
|
Batting: RHB Matt Belgard
|
0-0: Called Strike 0-1: Called Strike 0-2: Ball 1-2: Hit by Pitch
|
|
Batting: LHB David Bearden
|
0-0: Called Strike 0-1: Ball Matt Belgard steals 2nd base (no throw) 1-1: Ball 2-1: Foul Ball, location: 2F 2-2: SINGLE (Line Drive, 4D, EV 109.4 MPH) Matt Belgard to third
|
|
Batting: LHB Joe Cozart
|
0-0: Ball 1-0: Called Strike 1-1: SINGLE (Line Drive, 8LS, EV 95.0 MPH) Matt Belgard scores David Bearden to second
|
|
Batting: SHB Sean Hill
|
0-0: Foul Ball, location: 2F 0-1: Ball 1-1: Foul Ball, location: 2F 1-2: Ball 2-2: Ball 3-2: Base on Balls David Bearden to third Joe Cozart to second
|
|
Batting: RHB Justin Goff
|
0-0: Ball 1-0: Fly out, F7 (Flyball, 7, EV 81.3 MPH) Runner from 3rd tags up, SCORES, throw by LF
|
|
Batting: LHB Josh Dalton
|
0-0: Ball 1-0: Called Strike 1-1: Ball 2-1: Fly out, F7 (Flyball, 7S, EV 87.5 MPH)
|
|
Batting: RHB Edwin Ramos
|
0-0: Fielders Choice at 2nd, 6-4 (Groundball, 6, EV 105.6 MPH)
|
| Top of the 4th over - 2 runs, 2 hits, 0 errors, 2 left on base; Joplin 7 - Roswell 0 |
| BOTTOM OF THE 4TH |
|
Roswell Invaders batting - Pitching for Joplin Blasters : RHP Mike Galvin
|
|
Batting: RHB Orlando Florez
|
0-0: Ball 1-0: Ball 2-0: Ground out 4-3 (Groundball, 4, EV 107.5 MPH)
|
|
Batting: LHB Dallas Kelly
|
0-0: Ball 1-0: Ball 2-0: Swinging Strike 2-1: Ground out U3 (Groundball, 3, EV 88.8 MPH)
|
|
Batting: RHB Mike Swift
|
0-0: Foul Ball, location: 2F 0-1: Ball 1-1: Called Strike 1-2: Foul Ball, location: 2F 1-2: Foul Ball, location: 2F 1-2: Ball 2-2: Strikes out swinging
|
| Bottom of the 4th over - 0 runs, 0 hits, 0 errors, 0 left on base; Joplin 7 - Roswell 0 |
| TOP OF THE 5TH |
|
Joplin Blasters batting - Pitching for Roswell Invaders : RHP Jaylen Hatten
|
|
Batting: RHB Jason Birge
|
0-0: Ball 1-0: Ball 2-0: Called Strike 2-1: Swinging Strike 2-2: Hit by Pitch
|
|
Batting: RHB Dave Saldana
|
0-0: Called Strike 0-1: Ball 1-1: Fielders Choice at 2nd, 3-6 (Groundball, 34S, EV 80.6 MPH)
|
|
Batting: RHB Matt Belgard
|
0-0: Ball 1-0: Foul Ball, location: 2F 1-1: Foul Ball, location: 2F 1-2: SINGLE (Flyball, 8LS, EV 90.6 MPH) Dave Saldana to second
|
|
Batting: LHB David Bearden
|
0-0: Ball 1-0: Ball 2-0: Ball 3-0: Called Strike 3-1: Base on Balls Dave Saldana to third Matt Belgard to second
|
|
Batting: LHB Joe Cozart
|
0-0: Grounds into double play, 4-6-3 (Groundball, 4, EV 85.0 MPH)
|
| Top of the 5th over - 0 runs, 1 hit, 0 errors, 2 left on base; Joplin 7 - Roswell 0 |
| BOTTOM OF THE 5TH |
|
Roswell Invaders batting - Pitching for Joplin Blasters : RHP Mike Galvin
|
|
Pitching: RHP Bryan Kiefer
|
|
|
Batting: RHB Josh Burrows
|
0-0: Foul Ball, location: 2F 0-1: Ball 1-1: Called Strike 1-2: Ball 2-2: Strikes out swinging
|
|
Batting: RHB Cody Savastand
|
0-0: Swinging Strike 0-1: Ball 1-1: Swinging Strike 1-2: Strikes out swinging
|
|
Batting: LHB Josh Thomas
|
0-0: Swinging Strike 0-1: Swinging Strike 0-2: Ball 1-2: Ground out U3 (Groundball, 3L, EV 92.5 MPH)
|
| Bottom of the 5th over - 0 runs, 0 hits, 0 errors, 0 left on base; Joplin 7 - Roswell 0 |
| TOP OF THE 6TH |
|
Joplin Blasters batting - Pitching for Roswell Invaders : RHP Jaylen Hatten
|
|
Batting: SHB Sean Hill
|
0-0: Ball 1-0: Ground out 1-3 (Groundball, 13S, EV 65.6 MPH)
|
|
Batting: RHB Justin Goff
|
0-0: Ball 1-0: Foul Ball, location: 2F 1-1: Foul Ball, location: 2F 1-2: Ball 2-2: Ball 3-2: SINGLE (Line Drive, 56D, EV 103.8 MPH)
|
|
Batting: LHB Josh Dalton
|
0-0: Called Strike 0-1: Foul Ball, location: 2F 0-2: Foul Ball, location: 2F 0-2: Ball 1-2: Ball 2-2: Ball 3-2: Foul Ball, location: 2F 3-2: Foul Ball, location: 2F 3-2: Fly out, F6 (Popup, 6M, EV 77.5 MPH)
|
|
Batting: RHB Edwin Ramos
|
0-0: Called Strike 0-1: Foul Ball, location: 2F 0-2: Foul Ball, location: 2F 0-2: Fielders Choice at 2nd, 5-4 (Groundball, 5, EV 81.9 MPH)
|
| Top of the 6th over - 0 runs, 1 hit, 0 errors, 1 left on base; Joplin 7 - Roswell 0 |
| BOTTOM OF THE 6TH |
|
Roswell Invaders batting - Pitching for Joplin Blasters : RHP Bryan Kiefer
|
|
Batting: SHB Ethan Newby
|
0-0: Ball 1-0: Foul Ball, location: 2F 1-1: Ball 2-1: Ground out 6-3 (Groundball, 6, EV 90.0 MPH)
|
|
Batting: LHB Afanasy Apatenko
|
0-0: Foul Ball, location: 2F 0-1: Swinging Strike 0-2: Strikes out swinging
|
|
Batting: LHB Falco van Koeveringe
|
0-0: SINGLE (Flyball, 7LS, EV 86.3 MPH)
|
|
Batting: RHB Orlando Florez
|
Pickoff Throw to First - Out! 1-3
|
| Bottom of the 6th over - 0 runs, 1 hit, 0 errors, 0 left on base; Joplin 7 - Roswell 0 |
| TOP OF THE 7TH |
|
Joplin Blasters batting - Pitching for Roswell Invaders : RHP Jaylen Hatten
|
|
Pitching: LHP Travis Osorio
|
|
|
Batting: RHB Jason Birge
|
0-0: Called Strike 0-1: Ball 1-1: Swinging Strike 1-2: Ground out 5-3 (Groundball, 56, EV 101.3 MPH)
|
|
Pinch Hitting: LHB Danny Pacheco
|
0-0: Swinging Strike 0-1: Foul Ball, location: 2F 0-2: Ball 1-2: Strikes out swinging
|
|
Pinch Hitting: RHB Nick Julien
|
0-0: Ball 1-0: Ball 2-0: Called Strike 2-1: Foul Ball, location: 2F 2-2: Ball 3-2: Foul Ball, location: 2F 3-2: Base on Balls
|
|
Batting: LHB David Bearden
|
0-0: Ball 1-0: DOUBLE (Line Drive, 3D, EV 102.5 MPH) Nick Julien to third
|
|
Pinch Hitting: RHB Jason Conner
|
0-0: Ground out 5-3 (Groundball, 56, EV 90.0 MPH)
|
| Top of the 7th over - 0 runs, 1 hit, 0 errors, 2 left on base; Joplin 7 - Roswell 0 |
| BOTTOM OF THE 7TH |
|
Roswell Invaders batting - Pitching for Joplin Blasters : RHP Bryan Kiefer
|
|
Now at 3B: Jason Conner
|
|
|
Now at SS: Danny Pacheco
|
|
|
Now in CF: Carlos Santoni
|
|
|
Batting: RHB Orlando Florez
|
0-0: Called Strike 0-1: Swinging Strike 0-2: Strikes out swinging
|
|
Batting: LHB Dallas Kelly
|
0-0: Ball 1-0: Called Strike 1-1: Swinging Strike 1-2: Ball 2-2: Ball 3-2: Fly out, F8 (Flyball, 8LD, EV 95.6 MPH)
|
|
Batting: RHB Mike Swift
|
0-0: Ball 1-0: Foul Ball, location: 2F 1-1: Ball 2-1: Ball 3-1: SINGLE (Line Drive, 8RS, EV 95.6 MPH)
|
|
Batting: RHB Josh Burrows
|
0-0: Called Strike 0-1: Ball 1-1: Called Strike 1-2: Fly out, F8 (Flyball, 78S, EV 89.4 MPH)
|
| Bottom of the 7th over - 0 runs, 1 hit, 0 errors, 1 left on base; Joplin 7 - Roswell 0 |
| TOP OF THE 8TH |
|
Joplin Blasters batting - Pitching for Roswell Invaders : LHP Travis Osorio
|
|
Batting: SHB Sean Hill
|
0-0: DOUBLE (Line Drive, 7LS, EV 93.8 MPH)
|
|
Pinch Hitting: RHB Chang-keun Baik
|
0-0: Ball 1-0: Called Strike 1-1: Ball 2-1: Ball 3-1: Base on Balls
|
|
Batting: LHB Josh Dalton
|
0-0: Foul Ball, location: 2F 0-1: Called Strike 0-2: 3-RUN HOME RUN (Flyball, 9D, EV 97.5 MPH), Distance : 386 ft
|
|
Pitching: LHP Henry Torres
|
|
|
Batting: RHB Edwin Ramos
|
0-0: Ball 1-0: Foul Ball, location: 2F 1-1: Called Strike 1-2: Reached on error, E5 (Groundball, 25, EV 88.8 MPH)
|
|
Batting: RHB Jason Birge
|
0-0: Ball 1-0: Ball 2-0: Foul Ball, location: 2F 2-1: Fly out, F8 (Flyball, 8RD, EV 81.3 MPH)
|
|
Batting: LHB Danny Pacheco
|
0-0: Ball 1-0: SINGLE (Groundball, 4MD, EV 101.9 MPH) Edwin Ramos to second
|
|
Batting: RHB Carlos Santoni
|
0-0: Ball 1-0: Ball 2-0: Called Strike 2-1: Ground out 6-3 (Groundball, 6M, EV 105.0 MPH) Edwin Ramos to third Danny Pacheco to second
|
|
Batting: LHB David Bearden
|
0-0: Ball 1-0: Foul Ball, location: 2F 1-1: Ball 2-1: Called Strike 2-2: Ball 3-2: Base on Balls
|
|
Pinch Hitting: RHB Chance Argy
|
0-0: Ball 1-0: Foul Ball, location: 2F 1-1: Fly out, F4 (Line Drive, 4, EV 76.9 MPH)
|
| Top of the 8th over - 3 runs, 3 hits, 1 error, 3 left on base; Joplin 10 - Roswell 0 |
| BOTTOM OF THE 8TH |
|
Roswell Invaders batting - Pitching for Joplin Blasters : RHP Bryan Kiefer
|
|
Pitching: RHP Gary Ackerman
|
|
|
Now at 1B: Chance Argy
|
|
|
Now at 3B: Mike Bhatti
|
|
|
Batting: RHB Cody Savastand
|
0-0: Foul Ball, location: 2F 0-1: Foul Ball, location: 2F 0-2: Foul Ball, location: 2F 0-2: Strikes out swinging
|
|
Batting: LHB Josh Thomas
|
0-0: Called Strike 0-1: Ball 1-1: Ball 2-1: Ball 3-1: Called Strike 3-2: Fly out, F7 (Flyball, 78S, EV 86.9 MPH)
|
|
Batting: SHB Ethan Newby
|
0-0: Foul Ball, location: 2F 0-1: Swinging Strike 0-2: Ball 1-2: Strikes out swinging
|
| Bottom of the 8th over - 0 runs, 0 hits, 0 errors, 0 left on base; Joplin 10 - Roswell 0 |
| TOP OF THE 9TH |
|
Joplin Blasters batting - Pitching for Roswell Invaders : LHP Henry Torres
|
|
Batting: SHB Sean Hill
|
0-0: Foul Ball, location: 2F 0-1: Ball 1-1: Ball 2-1: Foul Ball, location: 2F 2-2: Strikes out looking
|
|
Pinch Hitting: RHB Bobby Matyas
|
0-0: SINGLE (Groundball, 25, EV 69.4 MPH) (infield hit)
|
|
Batting: LHB Josh Dalton
|
0-0: Called Strike 0-1: TRIPLE (Line Drive, 89XD, EV 109.4 MPH) Bobby Matyas scores
|
|
Batting: RHB Edwin Ramos
|
0-0: Fly out, F7 (Flyball, 7S, EV 85.6 MPH)
|
|
Batting: RHB Jason Birge
|
0-0: Foul Ball, location: 2F 0-1: Ball 1-1: Ball Wild Pitch! Josh Dalton scores 2-1: Ball 3-1: Foul Ball, location: 2F 3-2: Foul Ball, location: 2F 3-2: Foul Ball, location: 2F 3-2: Base on Balls
|
|
Batting: LHB Danny Pacheco
|
0-0: Fly out, F7 (Flyball, 7, EV 81.3 MPH)
|
| Top of the 9th over - 2 runs, 2 hits, 0 errors, 1 left on base; Joplin 12 - Roswell 0 |
| BOTTOM OF THE 9TH |
|
Roswell Invaders batting - Pitching for Joplin Blasters : RHP Gary Ackerman
|
|
Now at 3B: Sean Hill
|
|
|
Now in LF: Bobby Matyas
|
|
|
Batting: LHB Afanasy Apatenko
|
0-0: Foul Ball, location: 2F 0-1: Ball 1-1: Ball 2-1: Foul Ball, location: 2F 2-2: Strikes out looking
|
|
Batting: LHB Falco van Koeveringe
|
0-0: Foul Ball, location: 2F 0-1: Swinging Strike 0-2: Ball 1-2: Ball 2-2: Ball 3-2: Base on Balls
|
|
Batting: RHB Orlando Florez
|
0-0: Grounds into double play, 4-6-3 (Groundball, 4, EV 88.8 MPH)
|
| Bottom of the 9th over - 0 runs, 0 hits, 0 errors, 0 left on base; Joplin 12 - Roswell 0 |
|